 Dungeon Crawl Stone Soup version 0.25.1-2-g60ff931df9 (webtiles) character file.

Game seed: 15276686897254754170

105 sankara the Ruffian (level 4, -5/38 HPs)
             Began as a Ghoul Warper on Sept 4, 2020.
             Was a Follower of Dithmenos.
             Slain by a gnoll
             ... wielding a +0 spear
              (6 damage)
             ... on level 3 of the Dungeon.
             The game lasted 00:08:52 (2760 turns).

sankara the Ruffian (Ghoul Warper)                  Turns: 2760, Time: 00:08:52

Health: -5/38      AC:  4    Str: 14    XL:     4   Next: 83%
Magic:  1/5        EV: 12    Int:  9    God:    Dithmenos [*.....]
Gold:   99         SH:  0    Dex:  8    Spells: 4/6 levels left

rFire    + . .     SeeInvis .     - Unarmed
rCold    + + .     Gourm    .   (no shield)
rNeg     + + +     Faith    .   a - +0 leather armour
rPois    ∞         Spirit   .   (no helmet)
rElec    +         Reflect  .   (no cloak)
rCorr    +         Harm     .   h - +0 pair of gloves
MR       .....                  (no boots)
Stlth    +.........             (no amulet)
HPRegen  0.00/turn              (no ring)
MPRegen  0.09/turn              (no ring)

@: resistant, very slightly contaminated, rotting, wreathed by umbra
A: rotting body, claws 1, carnivore, cold resistance 1, negative energy
resistance 3, inhibited regeneration, torment resistance, unbreathing
a: Renounce Religion


You were on level 3 of the Dungeon.
You worshipped Dithmenos.
Dithmenos was aware of your devotion.
You were not hungry.

You visited 1 branch of the dungeon, and saw 3 of its levels.

You collected 99 gold pieces.

Inventory:

Hand Weapons
 n - a +1 hunting sling
 p - a +0 dagger
Missiles
 d - 5 boomerangs of dispersal
 i - 87 stones
 j - 20 poisoned darts (quivered)
 m - 21 sling bullets
 r - 7 curare-tipped darts
Armour
 a - a +0 leather armour (worn)
 h - a +0 pair of gloves (worn)
Scrolls
 o - 2 scrolls of remove curse
 q - a scroll of teleportation {unknown}
Potions
 e - 3 potions of flight
Comestibles
 f - 4 rations
 k - 7 chunks of flesh


   Skills:
 + Level 3.0 Fighting
 - Level 0.8 Throwing
 + Level 1.7 Armour
 + Level 2.3 Dodging
 + Level 1.1 Stealth
 * Level 3.6 Unarmed Combat
 - Level 1.7 Spellcasting
 + Level 2.8 Translocations


You had 4 spell levels left.
You knew the following spells:

 Your Spells              Type           Power        Failure   Level  Hunger
a - Blink                 Tloc           N/A          21%         2    ###....

Your spell library contained the following spells:

 Spells                   Type           Power        Failure   Level  Hunger
 Shroud of Golubria       Chrm/Tloc      #.....       34%         2    ###....
 Gell's Gravitas          Tloc           #.........   38%         3    ####...
 Lesser Beckoning         Tloc           #.........   38%         3    ####...
 Teleport Other           Tloc           #.......     38%         3    ####...
 Passage of Golubria      Tloc           N/A          80%         4    #####..


Dungeon Overview and Level Annotations

Branches:
Dungeon (3/15)

Altars:
Dithmenos
Sif Muna
Trog
Xom

Annotations:
D:3 Natasha, Robin


Innate Abilities, Weirdness & Mutations

Your body is rotting away.
You thrive on raw meat.
You are immune to poison.
You have sharp fingernails.
You are carnivorous and can eat meat at any time.
Your flesh is cold resistant. (rC+)
You are immune to negative energy. (rN+++)
You do not regenerate when monsters are visible.
You are immune to unholy pain and torment.
You can survive without breathing.


Message History

The goblin completely misses you.
Casting: Blink (safe; 21% risk of failure)
Confirm with . or Enter, or press ? or * to list all spells.
You miscast Blink.
Nothing appears to happen.
The goblin closely misses you. Robin throws the goblin at you!
* * * LOW HITPOINT WARNING * * *
The goblin closely misses you.
The goblin no longer looks unusually strong. x2
The goblin closely misses you.
Robin roars a battlecry!
The goblins go into a battle-frenzy!
The hobgoblin no longer looks unusually strong.
The goblin no longer looks unusually strong.
The hobgoblin no longer looks unusually strong.
The goblin no longer looks unusually strong.
There is a stone staircase leading up here.
The goblin hits you.
* * * LOW HITPOINT WARNING * * *
The gnoll hits you from afar with a +0 spear.
You die...

..............#............
..............#............
...#..........##...........
..............##..)g.......
......#........#.......##+#
............##.........##..
###
#...........##.........####
#.#
#......)....##gg...........
..#
#......÷..@gggg....>.......
..#
....[...................##.
..#
......).........#........+.
..#
..............#.#.).....##.
..#
.#######......'...÷........
### #......#.#.#....####
#.######.###....+ .
#.#.............# .# ####
##.#.####.#####+##


You could see a gnoll, 2 hobgoblins and 3 goblins.

Vanquished Creatures
  4 adders (D:2)
  An ooze (D:2)
  2 worms (D:2)
  5 leopard geckos (D:2)
  An orc (D:2)
  4 bats
  2 giant cockroaches
  10 goblins
  6 hobgoblins
  3 jackals (D:1)
  A ball python (D:1)
  5 frilled lizards
  6 kobolds
  3 rats
53 creatures vanquished.

Notes
Turn   | Place    | Note
-------+----------+-------------------------------------------
     0 | D:1      | sankara the Ghoul Warper began the quest for the Orb.
     0 | D:1      | Reached XP level 1. HP: 17/17 MP: 2/2
   105 | D:1      | Reached skill level 1 in Armour
   244 | D:1      | Reached XP level 2. HP: 25/25 MP: 3/3
   918 | D:2      | Found a faded altar of an unknown god.
   927 | D:2      | Became a worshipper of Dithmenos the Shadowed
   927 | D:2      | Reached * piety under Dithmenos
  1034 | D:2      | Reached XP level 3. HP: 28/30 MP: 4/4
  1297 | D:2      | Found a bloodstained altar of Trog.
  1464 | D:2      | Reached XP level 4. HP: 31/37 MP: 5/5
  1541 | D:2      | Found a shimmering blue altar of Sif Muna.
  1541 | D:2      | Found a shimmering altar of Xom.
  1748 | D:2      | Learned a level 2 spell: Blink
  1924 | D:2      | Reached skill level 1 in Stealth
  2292 | D:3      | Noticed Natasha
  2704 | D:3      | Noticed Robin
  2760 | D:3      | HP: 1/38 [goblin[Robin] (2)]
  2760 | D:3      | Slain by a gnoll

Illustrated notes

Levels and vault maps discovered:
D:1:      dpeg_arrival_rooms_c, layout_basic, minmay_tiny_reverse_x
D:2:      wad_lake_hut, layout_basic, gammafunk_temple_overflow_wave,
          first_ration, chequers_ecumenical_altar_simple, trog_butcher_becter
D:3:      layout_basic, lemuel_doored_altar, marbit_many_paths, uniq_natasha,
          uniq_jessica, uniq_robin

Skill      XL: |  1  2  3  4 |
---------------+-------------+-----
Armour         | 1 |  1.7
Dodging        | 2 |  2.3
Unarmed Combat | 3 |  3.6
Stealth        | 1 |  1.1
Fighting       | 3 |  3.0
Throwing       | |  0.8
Spellcasting   | |  1.7
Translocations | |  2.8

Action                   |  1- 3 |  4- 6 || total
-------------------------+-------+-------++-------
Melee: Unarmed           |   136 |   123 ||   259
Throw: Dart              |       |     2 ||     2
 Cast: Blink             |       |     5 ||     5
  Use: Scroll            |       |     4 ||     4
       Potion            |       |     1 ||     1
  Eat: Chunk             |     8 |     4 ||    12
Armor: Leather armour    |    27 |    46 ||    73
Dodge: Dodged            |    97 |   160 ||   257
